Unix NetHack Version 3.7.0-59 Work-in-progress - last build Jun 15 2022 22:00:42 (ba19de5de9b105df43ec81f7b8aaf5e01ff60ae8,branch:master). Game began 2022-06-19 03:46:09, ended 2022-06-19 04:15:03. cathartes, neutral female gnomish Archeologist ------- |[....| |..@..| |..@..| ---d--- |.| |.| -.- -... ..... ..-- .. -..|.. | ..... ..--- -.... ---- Cathartes the Field Worker St:12 Dx:9 Co:14 In:12 Wi:18 Ch:10 Neutral Dlvl:6 $:0 HP:0(37) Pw:28(28) AC:2 Xp:4/124 T:1529 Latest messages: You have a little trouble lifting v - a blessed murky potion. You have a little trouble lifting F - an uncursed purple-red potion. You have a little trouble lifting N - an uncursed short wand. You have a little trouble lifting j - an uncursed wand of fire. You have a little trouble lifting o - an uncursed light brown spellbook. Your movements are slowed slightly because of your load. What do you want to drop? [a-moruvx-zA-CEFI-LN or ?*] o You drop an uncursed light brown spellbook. What do you want to take off? [bc or ?*] b You were wearing a blessed +0 leather jacket. What do you want to drop? [a-mruvx-zA-CEFI-LN or ?*] b You drop a blessed +0 leather jacket. What do you want to wear? [uJ or ?*] ? You finish your dressing maneuver. What do you want to wear? [J or ?*] ? You finish your dressing maneuver. What do you want to take off? [cuJ or ?*] c You were wearing an uncursed +0 fedora. What do you want to drop? [ac-mruvx-zA-CEFI-LN or ?*] c You drop an uncursed +0 fedora. What do you want to wear? [y or ?*] y You finish your dressing maneuver. What do you want to use or apply? [ae-kN or ?*] h You put an uncursed scroll labeled NR 9 into the sack. You put an uncursed scroll labeled VELOX NEB into the sack. You put an uncursed scroll labeled YUM YUM into the sack. You put 2 cursed scrolls called phol moninv into the sack. You put a blessed murky potion into the sack. You put an uncursed purple-red potion into the sack. You drop a runed dagger. Your movements are now unencumbered. You drop a dagger. You drop a dagger. I - a runed dagger. B - a dagger. You have a little trouble lifting r - a dagger. Your movements are slowed slightly because of your load. This door is locked. Unlock it with your lock pick? [ynq] (q) y You succeed in picking the lock. The door opens. What do you want to drop? [ad-lruxyBEI-LN or ?*] h You drop an uncursed sack containing 7 items. Your movements are now unencumbered. The dingo bites! You hit the dingo. The dingo bites! The dingo bites! You die... Do you want your possessions identified? [ynq] (y) q Major events: Turn 1: cathartes the neutral female gnomish Archeologist entered the dungeon 398: entered the Gnomish Mines 784: attained the rank of Field Worker (level 3) 1498: reached Mine Town 1529: killed by a dingo Inventory: Weapons r - an uncursed +0 dagger B - a cursed -2 dagger I - an uncursed +1 elven dagger e - an uncursed +2 bullwhip (alternate weapon; not wielded) Armor y - an uncursed +0 orcish helm (being worn) u - an uncursed +0 pair of iron shoes (being worn) J - an uncursed +0 elven mithril-coat (being worn) Rings K - an uncursed +2 ring of protection Tools k - a cursed lock pick i - an uncursed oil lamp a - an uncursed +0 pick-axe (weapon in hand) f - an uncursed tinning kit (0:67) Wands j - an uncursed wand of fire (0:3) N - an uncursed wand of locking (0:3) Comestibles d - 4 uncursed food rations x - an uncursed fortune cookie Gems/Stones E - an uncursed diamond L - an uncursed jet stone l - an uncursed luckstone g - an uncursed touchstone Cathartes the Archeologist's attributes: Background: You were a Field Worker, a level 4 female gnomish Archeologist. You were neutral, on a mission for Camaxtli who was opposed by Quetzalcoatl (lawful) and Huhetotl (chaotic). You were in the Gnomish Mines, on level 6. You entered the dungeon 1529 turns ago. It was nighttime. You had 124 experience points, 36 more were needed to attain level 5. Basics: You had 0 out of 37 hit points. You had all 28 energy points (spell power). Your armor class was 2. Your wallet was empty. Autopickup was on for '$_*' plus thrown, with exceptions. Final Characteristics: Your strength was 12 (limit:18/50). Your dexterity was 9 (limit:18). Your constitution was 14 (limit:18). Your intelligence was 12 (limit:19). Your wisdom was 18 (limit:18). Your charisma was 10 (limit:18). Final Status: You were not hungry. You were unencumbered. You were wielding a pick-axe. You were skilled in pick-axe. Final Attributes: You were devoutly aligned. You were telepathic. You had infravision. You were stealthy. You were guarded. You were fast. You were lucky. You had extra luck. Bad luck did not time out for you. Good luck did not time out for you. You are dead. Miscellaneous: You disabled loading of bones levels. Total elapsed playing time was 28 minutes and 54 seconds. Vanquished creatures: a little dog a floating eye 3 dwarves a monkey a wererat 2 werejackals 2 iguanas 4 hobbits a large kobold 2 giant rats a green mold a red mold 3 gnomes 2 gnome zombies 5 jackals a kobold 3 goblins a sewer rat 5 grid bugs 5 lichens a kobold zombie 5 newts 51 creatures vanquished. No species were genocided or became extinct. Voluntary challenges: You read items or engraved 29 times. You engraved Elbereth 21 times. You never genocided any monsters. You never polymorphed an object. You never changed form. You used no wishes. Achievements: You entered the Gnomish Mines. You attained the rank of Field Worker. You entered Minetown. You entered a temple. The Dungeons of Doom: levels 1 to 2 Level 1: Level 2: A fountain. Stairs down to The Gnomish Mines. The Gnomish Mines: levels 3 to 6 Level 3: Level 4: Level 5: Level 6: <- You were here. A temple. Final resting place for you, killed by a dingo. Game over: ---------- / \ / REST \ / IN \ / PEACE \ / \ | cathartes | | 0 Au | | killed by a | | dingo | | | | | | 2022 | *| * * * | * _________)/\\_//(\/(/\)/\//\/|_)_______ Goodbye cathartes the Archeologist... You died in The Gnomish Mines on dungeon level 6 with 756 points, and 0 pieces of gold, after 1529 moves. You were level 4 with a maximum of 37 hit points when you died.